Cogmind - Beta 15 @@@ ROGUE MODE // 2025.08.07 @ 17:50:28 Player: Skysub Result: Self-destructed Performance ------------- Evolutions (2) 1000 Regions Visited (3) 600 Robots Destroyed (35) 175 Value Destroyed (728) 728 Prototype IDs (11) 220 Alien Tech Used (0) 0 Bonus (0) 0 TOTAL SCORE: 2723 Bonus ------- None Cogmind --------- Core Integrity 205/550 Matter 262/300 Energy 100/100 System Corruption 0% Temperature Hot (213) Movement Core (350) Ox6 Location -8/Materials Parts ------- > --- POWER (1) -------- (None) > --- PROPULSION (3) --- (None) > --- UTILITY (4) ------ Large Storage Unit > --- WEAPON (3) ------- (None) > --- INVENTORY (15) --- Carbon-fiber Leg Airjet Airjet High-capacity Storage Unit Seismic Detector Makeshift Hacking Suite High-powered Tractor Beam Rainbow Chip Plasma Cutter Hammer Peak State ------------ > --- POWER ------------ Ion Engine > --- PROPULSION ------- Light Treads Light Treads > --- UTILITY ---------- Large Storage Unit Subdweller Optics Scrap Shield > --- WEAPON ----------- Assault Rifle Light Assault Rifle Hammer > --- INVENTORY -------- Subdweller Power Source Light Treads Carbon-fiber Leg Compact Wheel High-capacity Storage Unit Seismic Detector Makeshift Hacking Suite Rainbow Chip Subdweller Machine Gun Plasma Cutter [Rating: 16] Favorites ----------- Power Light Ion Engine Engine Light Ion Engine Propulsion Light Treads Treads Light Treads Wheel Compact Wheel Utility Large Storage Unit Device Seismic Detector Storage Large Storage Unit Protection Scrap Shield Weapon Assault Rifle Energy Gun Particle Gun Ballistic Gun Assault Rifle Ballistic Cannon Slug Cannon Impact Weapon Hammer Build | -11 -10 -10 -8 ------- Run | Yrd Mat Sub Mat Slots Evolved 4 | . . . 4 Power . | . . . . Propulsion 1 | . . . 1 Utility 2 | . . . 2 Weapon 1 | . . . 1 Parts Attached 23 | 8 1 6 8 Power 3 | 1 . . 2 Engine 3 | 1 . . 2 Core . | . . . . Reactor . | . . . . Propulsion 6 | 3 . 2 1 Treads 4 | 2 . 1 1 Leg . | . . . . Wheel 2 | 1 . 1 . Hover . | . . . . Flight . | . . . . Utility 6 | 2 1 1 2 Device 3 | 1 . 1 1 Storage 2 | 1 1 . . Processor . | . . . . Hackware . | . . . . Protection 1 | . . . 1 Artifact . | . . . . Weapon 8 | 2 . 3 3 Energy Gun 1 | . . . 1 Energy Cannon . | . . . . Ballistic Gun 5 | 2 . 1 2 Ballistic Cannon 1 | . . 1 . Launcher . | . . . . Special Weapon . | . . . . Impact Weapon 1 | . . 1 . Slashing Weapon . | . . . . Piercing Weapon . | . . . . Special Melee Weapon . | . . . . Unidentified Prototypes . | . . . . Parts Lost 19 | . . 5 14 Power 3 | . . 1 2 Propulsion 6 | . . 1 5 Utility 3 | . . 1 2 Weapon 7 | . . 2 5 Highest Loss Streak 14 | . . 5 14 To Critical Strikes . | . . . . Average Backups 8 | 4 7 11 9 Power 1 | . 1 1 . Propulsion 3 | 1 3 3 2 Utility 2 | . 1 3 4 Weapon 1 | 1 2 2 1 Tool/Special . | . . . . Unused Backups 6 | . 1 . 5 Power . | . . . . Propulsion 1 | . . . 1 Utility 3 | . . . 3 Weapon 1 | . 1 . . Tool/Special 1 | . . . 1 Average Slot Usage (%) 93 | . 100 90 72 Engine 11 | . 14 9 6 Treads 24 | . 28 22 15 Wheel 2 | . . 5 6 Device 12 | . 14 10 11 Storage 13 | . 14 14 9 Ballistic Gun 23 | . 28 19 14 Impact Weapon 3 | . . 6 6 Peak Build Rating 16 | 7 8 12 16 Average Rating 7 | 5 7 8 12 On Entrance 5 | . 7 7 8 Naked Turns . | . . . . Heaviest Build 49 | 13 28 33 49 Greatest Support 40 | 40 40 40 40 Greatest Overweight (x) 3 | 3 . 2 3 Average Overweight (x) . | . . . 1 Largest Inventory Capacity 15 | 8 15 15 15 Average Capacity 14 | 7 14 15 15 Most Carried 14 | 5 10 14 13 Average Carried 8 | 4 7 11 9 Final Capacity 15 | 8 15 15 15 Final Carried 14 | 5 9 14 10 Class Distribution -------------------- 100% | Mutant Dominant Class ---------------- Mutant | -10/Materials Mutant | -10/Subcaves Mutant | -8/Materials Resources | -11 -10 -10 -8 ----------- Run | Yrd Mat Sub Mat Matter Collected 889 | 394 242 187 66 Remotely . | . . . . Salvage Created 1124 | 244 405 192 283 Parts 76 | 24 29 11 12 Haulers Intercepted 2 | . 2 . . Recyclers Shooed 2 | 1 . . 1 Parts Field Recycled . | . . . . Retrieved Matter . | . . . . Parts Self-Destructed 13 | . . 13 . Prevented . | . . . . Kills | -11 -10 -10 -8 ------- Run | Yrd Mat Sub Mat Combat Hostiles Destroyed 18 | . 7 5 6 Guns 17 | . 7 5 5 Classes Destroyed 11 | 2 5 2 2 Worker 1 | . 1 . . Tunneler 9 | 7 2 . . Hauler 2 | . 2 . . Recycler 2 | 1 1 . . Turret 2 | . . 2 . Watcher 1 | . 1 . . Swarmer 6 | . 3 3 . Grunt 7 | . 4 . 3 Sentry 1 | . . . 1 Hunter 2 | . . . 2 Subdweller 2 | . . 2 . Best Kill Streak 5 | 3 3 5 3 Combat Bots Only 3 | . 3 3 3 Max Kills in Single Turn 2 | 1 2 1 1 Gunslinging . | . . . . Exploded . | . . . . Melee . | . . . . Uniques/NPCs Destroyed . | . . . . Combat | -11 -10 -10 -8 -------- Run | Yrd Mat Sub Mat Hostile Shots Fired 222 | . 37 60 125 Missed 67 | . 16 25 26 Hits 155 | . 21 35 99 Projectile 155 | . 21 35 99 AOE 1 | . . . 1 Critical Strikes 3 | . . . 3 Damage Taken 2194 | . 227 500 1467 Core 441 | . 51 45 345 Absorbed by Shields . | . . . . Core Remaining (%) 80 | 100 . 61 . Volleys Fired 103 | 21 37 23 22 Largest 3 | 2 2 2 3 Hottest 115 | 40 40 60 115 Shots Fired 194 | 42 74 46 32 Gun 190 | 42 74 42 32 Cannon 4 | . . 4 . Launcher . | . . . . Special . | . . . . Kinetic 186 | 42 74 46 24 Thermal 8 | . . . 8 Explosive . | . . . . Electromagnetic . | . . . . Robot Hit Streak 12 | 4 12 11 5 Robot Miss Streak 6 | 2 6 2 3 Penetration Max . | . . . . Secondary Targets 4 | . 1 1 2 Max Gunslinging Chain 1 | . 1 1 1 Shots Hit Robots 131 | 25 50 34 22 Core Hits 53 | 9 19 12 13 Critical Kills . | . . . . Critical Parts Destroyed . | . . . . Critical Strikes . | . . . . Melee Attacks 15 | . . 9 6 Impact 15 | . . 9 6 Slashing . | . . . . Piercing . | . . . . Sneak Attacks . | . . . . Combat Hostiles . | . . . . Follow-up Attacks . | . . . . Damage Inflicted 1759 | 289 650 453 367 Guns 1584 | 289 627 352 316 Cannons 101 | . . 101 . Explosions . | . . . . Melee 51 | . . . 51 Ramming 23 | . 23 . . Kinetic 1562 | 289 627 453 193 Thermal 123 | . . . 123 Explosive . | . . . . Electromagnetic . | . . . . Impact 51 | . . . 51 Slashing . | . . . . Piercing . | . . . . Highest Corruption . | . . . . Average Corruption . | . . . . Corruption Purged . | . . . . Corruption Blocked . | . . . . Overload Shots . | . . . . Overflow Damage 18 | . . . 18 Projectiles . | . . . . Explosions . | . . . . Melee 18 | . . . 18 Knockbacks 2 | . . 1 1 Impact 1 | . . . 1 Kinetic 1 | . . 1 . Secondary . | . . . . Self-Inflicted Damage . | . . . . Shots . | . . . . Rammed 3 | 1 2 . . Targets Rammed 5 | 1 4 . . Kicked . | . . . . Crushed 2 | . 2 . . Highest Temperature 213 | . . . 213 Average Temperature 134 | . . . 134 Received Heat Transfer 648 | . 114 84 450 Siege Activations . | . . . . Martial Activations . | . . . . Shielding Activations . | . . . . Robots Disrupted . | . . . . Combat Hostiles . | . . . . Robots Corrupted 1 | . . . 1 Combat Hostiles 1 | . . . 1 Parts Fried . | . . . . Impact Corruptions 2 | . . . 2 Robots Melted . | . . . . Combat Hostiles . | . . . . Parts Melted . | . . . . Heat Transferred 296 | . . . 296 Parts Sabotaged . | . . . . Parts Stolen . | . . . . Parts Stripped . | . . . . Power Chain Reactions . | . . . . Alert | -11 -10 -10 -8 ------- Run | Yrd Mat Sub Mat Maximum Alert Level . | . . . . Low Security (%) 100 | 100 100 . 100 Level 1 . | . . . . Level 2 . | . . . . Level 3 . | . . . . Level 4 . | . . . . Level 5 . | . . . . High Security . | . . . . Max Security . | . . . . Peak Influence 90 | 10 90 . 50 Initial . | . . . . Average 12 | 1 15 . 6 Influence Increases 574 | 40 244 130 160 Destroy 0b10 Robot/C 360 | . 140 100 120 Destroy 0b10 Robot/NC 75 | 40 35 . . Destroy Leader 66 | . 26 . 40 Successful Hack 13 | . 13 . . Select Force Hacks 30 | . 30 . . Lose Combat Pursuer 30 | . . 30 . Influence Decreases 554 | 40 244 130 140 Time Decay 404 | 40 244 80 40 Lost Part 150 | . . 50 100 Squads Dispatched 5 | . 2 . 3 Investigation 2 | . 2 . . Extermination . | . . . . Reinforcement 3 | . . . 3 Assault . | . . . . Garrison . | . . . . Intercept . | . . . . Searches Triggered . | . . . . Construction Impeded . | . . . . Haulers Reinforced . | . . . . Active Scanning Responses . | . . . . Cargo Convoy Interrupts . | . . . . Stealth | -11 -10 -10 -8 --------- Run | Yrd Mat Sub Mat Distress Signals 2 | . . . 2 Communications Jammed . | . . . . Distress Signals . | . . . . Times Spotted 31 | . 9 9 13 Peak Tracking Total 8 | . 3 6 8 Tactical Retreats 1 | . . 1 . Traps | -11 -10 -10 -8 ------- Run | Yrd Mat Sub Mat Traps Triggered 4 | . 1 3 . Indirectly . | . . . . Trap Hack Attempts . | . . . . Triggered . | . . . . Disarmed . | . . . . Reprogrammed . | . . . . Reused . | . . . . Traps Extracted . | . . . . Installed . | . . . . Triggered . | . . . . Machines | -11 -10 -10 -8 ---------- Run | Yrd Mat Sub Mat Machines Disabled 2 | . . 2 . Max in Single Turn 1 | . . 1 . Machines Repaired . | . . . . Machines Dismantled . | . . . . Machines Sabotaged . | . . . . Overloaded Fab Kills . | . . . . Hacking | -11 -10 -10 -8 --------- Run | Yrd Mat Sub Mat Machines Accessed 9 | . 7 2 . Terminals 6 | . 6 . . Fabricators . | . . . . Repair Stations . | . . . . Recycling Units 1 | . 1 . . Scanalyzers . | . . . . Garrison Access . | . . . . Total Hacks 19 | . 17 2 . Successful 13 | . 11 2 . Failed 6 | . 6 . . Catastrophic 2 | . 2 . . Database Lockouts . | . . . . Manual 16 | . 16 . . Terminals 15 | . 15 . . Fabricators . | . . . . Repair Stations . | . . . . Recycling Units 2 | . 2 . . Scanalyzers . | . . . . Garrison Access . | . . . . Terminal Hacks 4 | . 2 2 . Open Door 1 | . . 1 . Branch Access Points 1 | . 1 . . Terminal Index 1 | . 1 . . Proto ID Catalog 1 | . . 1 . Fabricator Hacks . | . . . . Repair Station Hacks . | . . . . Recycling Unit Hacks 1 | . 1 . . Report Inventory 1 | . 1 . . Scanalyzer . | . . . . Garrison Access Hacks . | . . . . Unauthorized Hacks 8 | . 8 . . Terminals 7 | . 7 . . Botnet 2 | . 2 . . Skim 5 | . 5 . . Fabricators . | . . . . Repair Stations . | . . . . Recycling Units 1 | . 1 . . Tunnel 1 | . 1 . . Scanalyzers . | . . . . Garrison Access . | . . . . Data Cores Recovered . | . . . . Used . | . . . . Hacking Detections 5 | . 5 . . Full Trace Events . | . . . . Feedback Events . | . . . . Feedback Blocked . | . . . . Robot Schematics Acquired . | . . . . Robots Built . | . . . . Authchips . | . . . . Time . | . . . . Total Robot Build Rating . | . . . . Part Schematics Acquired . | . . . . Parts Built . | . . . . Authchips . | . . . . Time . | . . . . Total Part Build Rating . | . . . . Parts Repaired . | . . . . Time . | . . . . Parts Recycled . | . . . . Recycled Matter . | . . . . Retrieved Matter . | . . . . Retrieved Components . | . . . . Parts Scanalyzed . | . . . . Part Schematics Acquired . | . . . . Parts Damaged . | . . . . Bothacking | -11 -10 -10 -8 ------------ Run | Yrd Mat Sub Mat Used RIF Installer . | . . . . Robots Hacked . | . . . . Non-combat . | . . . . Combat . | . . . . Robot Hacks Applied . | . . . . Relay Couplers Released . | . . . . Fabnet Peak Effective % . | . . . . Robots Rewired . | . . . . Allies Hacked . | . . . . Hacks Repelled . | . . . . Allies | -11 -10 -10 -8 -------- Run | Yrd Mat Sub Mat Total Allies . | . . . . Largest Group . | . . . . Highest-Rated Group . | . . . . Highest-Rated Ally . | . . . . Total Orders . | . . . . Ally Attacks . | . . . . Total Damage . | . . . . Kills . | . . . . Allies Corrupted . | . . . . Allies Melted . | . . . . Intel | -11 -10 -10 -8 ------- Run | Yrd Mat Sub Mat Active Infowar (turns) 2358 | 26 1341 789 202 Optics 201 | . . . 201 Structural 84 | . . 84 . Seismic 2209 | 26 1341 705 137 Robot Analysis Total . | . . . . Derelict Logs Recovered . | . . . . Drone Launches . | . . . . Drone Recoveries . | . . . . Exploration | -11 -10 -10 -8 ------------- Run | Yrd Mat Sub Mat Turns Passed 2950 | 279 1341 1089 241 Spaces Moved 1556 | 114 680 675 87 Core 6 | 6 . . . Treads 1188 | 108 680 396 4 Legs . | . . . . Wheels 362 | . . 279 83 Hover . | . . . . Flight . | . . . . Fastest Speed 50 | 50 160 115 115 Average Speed 150 | 159 160 141 132 Slowest Speed 240 | 200 160 160 240 Overloaded Moves . | . . . . Propulsion Burnouts . | . . . . Robots Hopped . | . . . . Potential Cave-ins . | . . . . Cave-ins Triggered . | . . . . Exploration Rate (%) 36 | 7 83 40 15 Regions Visited 3 Branch Regions 1 Pre-discovered Areas 2 | . 2 . . Known Exits Taken 1 | . . 1 . Unknown Exits Taken 2 | 1 1 . . Scrap Searched 2 | . . 2 . Spaces Dug 1 | . . 1 . Terrain Destroyed 2 | . . 2 . Melee 1 | . . 1 . Projectile 1 | . . 1 . AOE . | . . . . Terrain Rammed . | . . . . Walls Destroyed . | . . . . Machines Disabled . | . . . . Actions | -11 -10 -10 -8 --------- Run | Yrd Mat Sub Mat Total 1935 | 165 857 743 170 Wait 203 | 17 129 20 37 Move 1553 | 113 679 674 87 Hop . | . . . . Pick Up 21 | 4 5 7 5 Fast Attach 10 | 8 . . 2 Attach 12 | . . 3 9 Detach 2 | 1 . . 1 Swap 9 | . 1 7 1 Drop 2 | . 2 . . Fire 103 | 21 37 23 22 Melee 15 | . . 9 6 Ram . | . . . . Kick . | . . . . Crush 5 | 1 4 . . Escape Stasis . | . . . . Rewire . | . . . . Trap . | . . . . Miscellaneous . | . . . . Route ------- -11/Scrapyard -10/Materials (discovered 6 exits: *Mat x3 / *Min x2 / *Sub) -10/Subcaves (discovered 4 exits: *Mat x2 / [*Rec] / [*Scr]) -8/Materials History --------- Turn | Location | Event 29 | -11/Scrapyard | Discovered new exit (range 16) 280 | -11/Scrapyard | Entered Materials 281 | -10/Materials | Met a group of wandering Federalists 284 | -10/Materials | Discovered new exit (range 13) 300 | -10/Materials | Build established: Mutant 535 | -10/Materials | Discovered new exit (range 9) 587 | -10/Materials | Discovered new exit (range 9) 899 | -10/Materials | Discovered new exit (range 12) 1077 | -10/Materials | Identified exit to Mines 1361 | -10/Materials | Discovered new exit (range 15) 1445 | -10/Materials | Learned Storage emergency access door positions 1486 | -10/Materials | Identified exit to Materials 1558 | -10/Materials | Learned location of 1 exit from Storage 1563 | -10/Materials | Learned 2 Storage zone layouts 1567 | -10/Materials | Loaded intel: 2 trap records 1621 | -10/Materials | Entered Subcaves 1622 | -10/Subcaves | Continued accompanying wandering Federalists (5) 1622 | -10/Subcaves | Identified exit to Materials 1839 | -10/Subcaves | Visited 4L-MR0's lab 1857 | -10/Subcaves | Found Rainbow Chip 2236 | -10/Subcaves | Shifting Twisted Machinery released Sub. Power Source 2352 | -10/Subcaves | Discovered new exit (range 16) 2441 | -10/Subcaves | Lost 5 parts (1p1n1u2w) 2459 | -10/Subcaves | A swath of the cavern ceiling suddenly collapsed 2710 | -10/Subcaves | Entered Materials 2710 | -8/Materials | Evolved 4 slots: Propulsion x1, Utility x2, Weapon x1 2942 | -8/Materials | Core integrity fell below 50% 2951 | -8/Materials | Self-destructed Last Messages --------------- 02934_ U-05 Engineer lays Concrete. 02935_ R-06 Scavenger collects Particle Gun. 02935_ U-05 Engineer lays Concrete. 02936_ K-01 Serf cleans the Terminal. 02937_ U-05 Engineer lays Concrete. 02939_ Y-45 Defender destroyed. 02939_ Switching to secondary target: Y-45 Defender. 02939_ U-05 Engineer lays Concrete. 02939_ K-01 Serf cleans the Terminal. 02940_ R-06 Scavenger collects Lgt. Nuclear Core. 02940_ U-05 Engineer lays Concrete. 02941_ Lgt. Treads destroyed. 02941_ U-05 Engineer lays Concrete. 02945_ Assault Rifle destroyed. 02945_ U-05 Engineer lays Concrete. 02945_ G-47 Trooper destroyed. 02946_ U-05 Engineer lays Concrete. 02949_ Particle Gun destroyed. 02949_ R-06 Scavenger collects Aluminum Leg. 02950_ U-05 Engineer lays Concrete. Map ----- +----------------------------------------------------+ | ?????????????????????????????????????????????????? | | ?????????????????????????????????????????????????? | | ?????????????????????????????????????????????????? | | ?????????????????????????????????????????????????? | | ?????????????????????????????????????????????????? | | ?????????????????????????????????????????????????? | | ?????????????????#???????????????????????????????? | | ???????????????? #?????????? ????????????????????? | | ??????????######+#####+#?### ????????????????????? | | ??????????# ?????????????????????? | | ??????????# ###???????????????????? | | ??????????+ [ ""#???????????????????? | | ??????????# """ """ T"#???????????????????? | | ?????????## """ """ ""????????????????????? | | ?????????# """ """ #?????????????????????? | | ########## #?????????????????????? | | a #?????????????????????? | | ######### u """ #?????????????????????? | | ???????# u """ #?????????????????????? | | ???????# """ ######+##?????????????? | | ????##### k #?????????????? | | ????# % #?????????????? | | ????# # #?????????????? | | ????# """ +% a!!! #?????????????? | | ????# """ #% [ !!= #?????????????? | | ????# """ # !!%@ #?????????????? | | ????# # *%= #??????????? | | ????###+### Y = #??????????? | | ??????# ??# #########%g a #??????????? | | ??????#???# #???????# #??????????? | | ??????????# #???????r #??????????? | | ????????? #???????#k#### #######??????????? | | ???????? #???????#%#??? #????????????????? | | ?????? ???????#Y#???? #????????????????? | | ?????? ??????? ??????#????????????????? | | ?????# ?????? ???????????????????????? | | ?????# #########+#????? ???????????????????????? | | ?????# ????????????????+???????????????????????? | | ?????+ ???????????????? ???????????????????????? | | ?????# ?????????????????"???????????????????????? | | ?????????????????????????????????????????????????? | | ?????????????????????????????????????????????????? | | ?????????????????????????????????????????????????? | | ?????????????????????????????????????????????????? | | ?????????????????????????????????????????????????? | | ?????????????????????????????????????????????????? | | ?????????????????????????????????????????????????? | | ?????????????????????????????????????????????????? | | ?????????????????????????????????????????????????? | | ?????????????????????????????????????????????????? | +----------------------------------------------------+ Best States ------------- Heat Dissipation 31 Energy Generation 15 Energy Capacity 250 Matter Stores 300 Matter Capacity 300 Sight Range 21 Terrain Scan Density 10 Armor Coverage 800 Evasion (%) 40 Recoil Reduction 2 Item Schematics ----------------- None Robot Schematics ------------------ None Fabricated ------------ Nothing Repaired ---------- Nothing Alien Tech Used ----------------- None Achievements -------------- None Challenges ------------ None Game ------ Seed AngularPoweredMiniperforator Manual? 0 Play Time 00:15:14 Cumulative 236.3 hours Start 2025.08.07 @ 17:35:40 End 2025.08.07 @ 17:50:28 Sessions 1 Manual Loads 0 Difficulty Rogue Special Mode None Game No. 251 Rogue 251 Adventurer 0 Explorer 0 Win Type - Total 10 Types 5/0/3/1/0/0/0/0/0/1 Lore% 74 Gallery% 70 Achievement% 64 Wizard Run 0 Options --------- Layout 1 ASCII 0 Keyboard 1 Movement Numpad Keybinds 0 Fullscreen 1 Font 32/SmallcapsGlow Map View 77x35 Zoom Use 0% Tactical HUD 1 Map Filters NONE Filters NONE Steam 1 RUN: f258ca16-4f17-4ee1-bced-a58efa53e8af